AoeStats
← Oopsis

Lombardia

509915287Analyzed
2v2 RM · 2d ago on Sep 28, 2026· 50m 25s· 4 players
Game mode
Random Map
Map size
Medium (4 player)
Population
200
Speed
Normal
Resources
Standard
Victory
Conquest
Starting age
Dark Age
Ending age
Imperial Age
RankedLock teamsTeams togetherTeam positionsShared explorationLock speedFull tech treeHidden civsTurbo modeCheats
Victory
Defeat
🇨🇭 Saxons · Switzerland
870
+15
🇨🇭 Danes · Switzerland
853
+15
🇷🇺 Slavs · Russia
846
-15
🇷🇺 Bohemians · Russia
846
-15
k3n7 R8hero
4:18 Loom
12:47 Feudal Age
18:47 Castle Age
21:15 Double-Bit Axe
24:30 Pikeman
25:55 Town Watch
27:58 Padded Archer Armor
27:21 Elite Skirmisher
29:18 Leather Archer Armor
28:54 Fletching
31:02 Horse Collar
38:19 Man-at-Arms
39:20 Long Swordsman
Oopsis
8:02 Loom
9:53 Feudal Age
10:07 Loom
11:41 Double-Bit Axe
11:37 Horse Collar
20:12 Castle Age
20:51 Bloodlines
20:51 Scale Barding Armor
21:36 Wheelbarrow
21:50 Bow Saw
21:41 Heavy Plow
21:49 Elite Skirmisher
24:25 Light Cavalry
26:44 Chain Barding Armor
26:34 Forging
29:10 Hand Cart
29:20 Husbandry
31:06 Iron Casting
30:22 Fletching
30:32 Padded Archer Armor
29:56 Pikeman
30:53 Town Watch
31:29 Detinets
33:26 Town Patrol
33:33 Man-at-Arms
34:58 Ballistics
34:49 Masonry
34:54 Careening
35:21 Long Swordsman
36:01 Squires
37:37 Scale Mail Armor
41:42 Imperial Age
40:17 Fortified Wall
40:04 Murder Holes
42:36 Heavy Scorpion
42:44 Two-Handed Swordsman
42:48 Hussar
48:27 Blast Furnace
jonny_w
3:26 Loom
10:49 Feudal Age
11:20 Double-Bit Axe
14:56 Wheelbarrow
18:17 Castle Age
20:58 Man-at-Arms
20:59 Pikeman
22:04 Gambesons
23:33 Bow Saw
24:05 Scale Mail Armor
27:32 Squires
33:24 Chain Mail Armor
33:19 Forging
43:42 Imperial Age
44:44 Conscription
46:32 Elite Varangian Guard
Ambition
7:23 Loom
8:55 Loom
11:00 Feudal Age
16:09 Castle Age
14:02 Double-Bit Axe
14:47 Fletching
14:53 Gold Mining
17:54 Wheelbarrow
17:35 Padded Archer Armor
18:47 Town Watch
19:44 Stone Mining
20:14 Horse Collar
23:13 Crossbowman
25:54 Bodkin Arrow
30:14 Hand Cart
35:39 Leather Archer Armor
35:46 Ballistics
35:37 Masonry
35:23 Murder Holes
36:23 Heavy Plow
37:41 Scale Mail Armor
37:51 Forging
40:46 Imperial Age
39:01 Bow Saw
39:13 Chain Mail Armor
40:27 Iron Casting
41:55 Conscription
43:21 Plate Mail Armor
42:52 Bracer
43:55 Chemistry
43:00 Siege Engineers
43:27 Architecture
42:21 Capped Ram
42:34 Elite Hearth Troop
44:44 Hoardings
44:23 Siege Ram
44:26 Shield Wall
47:57 Town Patrol
48:04 Squires
47:50 Gambesons
47:51 Arson
Connection lost

Rejoining the realm…

Still unreachable

The connection could not be restored.

Session expired

The server has moved on; the page needs a fresh start.